 Dungeon Crawl Stone Soup version 0.22-a0-433-gd2a9cce (webtiles) character file.

549 Mgcat the Cleaver (level 7, -1/57 HPs)
             Began as a Hill Orc Berserker on May 28, 2018.
             Was a Believer of Trog.
             Killed from afar by Blork the orc (8 damage)
             ... with a puff of flame
             ... on level 4 of the Dungeon.
             The game lasted 00:05:36 (2888 turns).

Mgcat the Cleaver (Hill Orc Berserker)              Turns: 2888, Time: 00:05:37

Health: -1/57      AC:  4    Str: 26    XL:     7   Next: 28%
Magic:  7/7        EV: 12    Int:  7    God:    Trog [**....]
Gold:   141        SH:  0    Dex: 10    Spells: 6/6 levels left

rFire    . . .     SeeInvis .   a - +0 hand axe
rCold    . . .     Gourm    .   (no shield)
rNeg     . . .     Faith    .   b - +0 animal skin
rPois    .         Spirit   .   k - +2 hat
rElec    .         Reflect  .   (no cloak)
rCorr    .         Harm     .   (no gloves)
MR       ++...                  (no boots)
Stlth    +.........             (no amulet)
HPRegen  1.19/turn              q - +4 ring of strength
MPRegen  0.10/turn              (no ring)

@: confused, berserk cooldown, flying, regenerating, hasted, very quick
A: no striking features
a: Berserk, Trog's Hand, Renounce Religion


You were on level 4 of the Dungeon.
You worshipped Trog.
Trog was pleased with you.
You were hungry.

You visited 1 branch of the dungeon, and saw 4 of its levels.

You collected 141 gold pieces.

Inventory:

Hand Weapons
 a - a +0 hand axe (weapon)
Armour
 b - a +0 animal skin (worn)
 k - a +2 hat (worn)
   (You found it on level 2 of the Dungeon)
Jewellery
 q - a +4 ring of strength (left hand)
   (You found it on level 3 of the Dungeon)
Scrolls
 h - 3 scrolls of identify {unknown}
 i - a scroll of remove curse {unknown}
 l - a scroll of fog {unknown}
 n - a scroll of immolation {unknown}
 o - a scroll of noise {unknown}
 p - a scroll of enchant weapon {unknown}
 r - a scroll of teleportation {unknown}
 s - a scroll of random uselessness {unknown}
 t - a scroll of blinking {unknown}
Potions
 f - a potion of flight
 g - 3 potions of curing
Comestibles
 c - 5 rations
 d - 6 chunks of flesh {@w0}


   Skills:
 - Level 3.6 Fighting
 + Level 10.5 Axes
 - Level 2.1 Armour
 - Level 1.5 Dodging


You had 6 spell levels left.
You didn't know any spells.
Your spell library was empty.

Dungeon Overview and Level Annotations

Branches:
Dungeon (4/15)
 Temple: D:4-7

Altars:
Nemelex Xobeh

Shops:
D:4 (

Annotations:
D:4 Blork the orc, Grinder


Message History

You hit the phantom but do no damage.
The phantom is lightly damaged.
The phantom completely misses you. The phantom hits you.
You barely miss the phantom.
The phantom is lightly damaged.
Grinder comes into view.
The phantom hits you.
Grinder shouts!
You hit the phantom.
The phantom is lightly damaged.
The phantom hits you!
You closely miss the phantom.
The phantom is lightly damaged.
The phantom hits you.
Your skin crawls.
You feel resistant to hostile enchantments.
You feel quite a bit more hungry. The phantom hits you.
The phantom blinks!
You hit Grinder.
Grinder is lightly wounded.
Grinder barely misses you.
You hit Grinder.
Grinder is lightly wounded.
Grinder misses you.
You hit Grinder but do no damage.
Grinder is lightly wounded.
Grinder hits you.
You slash Grinder!
Grinder is moderately wounded.
You closely miss the phantom. The phantom closely misses you. Grinder hits you.
You writhe in agony.
You barely miss Grinder.
Grinder is moderately wounded.
You closely miss the phantom. The phantom hits you. Grinder hits you.
* * * LOW HITPOINT WARNING * * *
You writhe in agony.
* * * LOW HITPOINT WARNING * * *
The phantom barely misses you.
You barely miss Grinder.
Grinder is moderately wounded.
You closely miss the phantom. Grinder closely misses you. The phantom hits you.
* * * LOW HITPOINT WARNING * * *
You feel much better. Grinder hits you.
You writhe in agony.
The phantom blinks!
Grinder rolls her eyes.
Grinder hits you.
You writhe in agony.
You feel yourself speed up.
You feel the effects of Trog's Hand fading.
Grinder hits you but does no damage.
You hit Grinder but do no damage.
Grinder is moderately wounded.
Grinder hits you.
You hit Grinder but do no damage.
Grinder is moderately wounded.
Grinder blinks!
You slash the phantom!
The phantom is moderately damaged.
You feel yourself speed up.
The phantom blinks!
Blork the orc comes into view.
He is wielding an enchanted scimitar.
Blork the orc shouts!
The phantom blinks!
You hit the phantom.
The phantom is heavily damaged.
The phantom barely misses you.
You barely miss the phantom.
The phantom is heavily damaged.
Your skin crawls.
You feel resistant to hostile enchantments.
You feel somewhat more hungry. Blork the orc casts a spell at you.
The puff of frost hits you! The phantom misses you.
You closely miss the phantom.
The phantom is heavily damaged.
You hit Grinder.
You are feeling hungry.
You barely miss the phantom.
The phantom is heavily damaged.
You hit Grinder.
Blork the orc casts a spell.
Blork the orc seems to speed up.
The phantom hits you.
The phantom blinks!
Grinder barely misses you.
It was a potion of curing.
You feel better.
It was a potion of flight.
You feel very buoyant.
You fly up into the air.
The phantom blinks!
Grinder hits you!
You writhe in agony.
It was a potion of ambrosia.
You are confused.
You feel invigorated. Blork the orc casts a spell at you.
The puff of frost hits you!
* * * LOW HITPOINT WARNING * * *
Grinder hits you.
* * * LOW HITPOINT WARNING * * *
You writhe in agony.
* * * LOW HITPOINT WARNING * * *
You bump into the rock wall.
Blork the orc points at you and mumbles some strange words.
The puff of flame hits you!
You die...

#.....#..#
#......#.#..
#.>...#. .#
##....§#..#..
#....#.#.....
#.....# .#. .
#...#.#.... .#
##5........ ..
#@..o..##. ##.
##§#......#
##..
###.##....#..
.###...
###..##
#.....#
.......##...##
#.....
#.....## .....
##...## .....
#...## ....
#....##


You could see Grinder and Blork the orc.

Vanquished Creatures
  2 ogres
  A scorpion (D:4)
  The ghost of Mgcat the Chopper, a weakling HOBe of Trog (D:3)
  A howler monkey (D:4)
  An orc priest (D:3)
  Natasha (thrice) (D:3)
  5 adders
  3 gnolls (D:3)
  2 worms (D:3)
  2 orcs (D:3)
  3 ball pythons (D:2)
  5 bats
  5 giant cockroaches
  9 goblins
  6 hobgoblins
  A quokka (D:3)
  4 frilled lizards
  11 kobolds
  9 rats
74 creatures vanquished.

Notes
Turn   | Place    | Note
-------+----------+-------------------------------------------
     0 | D:1      | Mgcat the Hill Orc Berserker began the quest for the Orb.
     0 | D:1      | Reached XP level 1. HP: 19/19 MP: 1/1
   136 | D:1      | Reached XP level 2. HP: 22/26 MP: 2/2
   474 | D:1      | Reached skill level 5 in Axes
  1008 | D:2      | Found a sparkling altar of Nemelex Xobeh.
  1029 | D:2      | Reached XP level 3. HP: 31/31 MP: 3/3
  1080 | D:2      | Reached ** piety under Trog
  1158 | D:2      | Reached skill level 6 in Axes
  1272 | D:2      | Reached XP level 4. HP: 26/39 MP: 4/4
  1772 | D:3      | Noticed an ogre
  1778 | D:3      | Killed an ogre
  1778 | D:3      | Reached skill level 7 in Axes
  1778 | D:3      | Reached XP level 5. HP: 45/45 MP: 5/5
  1819 | D:3      | Reached skill level 8 in Axes
  2016 | D:3      | Noticed Natasha
  2024 | D:3      | Killed Natasha
  2024 | D:3      | Reached XP level 6. HP: 30/51 MP: 6/6
  2044 | D:3      | Noticed Mgcat's ghost (weakling HOBe)
  2053 | D:3      | Killed Mgcat's ghost
  2053 | D:3      | Reached skill level 9 in Axes
  2382 | D:3      | Noticed Natasha
  2398 | D:3      | Killed Natasha
  2564 | D:3      | Noticed Natasha
  2571 | D:3      | Killed Natasha
  2766 | D:4      | Reached skill level 10 in Axes
  2766 | D:4      | Reached XP level 7. HP: 57/57 MP: 7/7
  2790 | D:4      | Found Piluqyxt's Antique Weapon Emporium.
  2863 | D:4      | Noticed Grinder
  2871 | D:4      | HP: 14/57 [Grinder (6)]
  2879 | D:4      | Noticed Blork the orc
  2887 | D:4      | HP: 14/57 [Blork the orc/puff of frost (7)]
  2887 | D:4      | HP: 3/57 [Grinder (5)]
  2888 | D:4      | Killed from afar by Blork the orc

Vault maps used:
D:1:      minmay_arrival_glassed_features
D:2:      overflow_temple_1_default
D:3:      first_ration, glass_columns_a, uniq_natasha
D:4:      serial_shops, shop, hangedman_decor_peaks_small, uniq_grinder,
          uniq_blork_the_orc, uniq_robin

Skill      XL: |  1  2  3  4  5  6 |
---------------+-------------------+-----
Axes           | 5 6 7 8 10 | 10.5
Fighting       | |  3.6
Armour         | |  2.1
Dodging        | |  1.5

Action                   |  1- 3 |  4- 6 |  7- 9 || total
-------------------------+-------+-------+-------++-------
Melee: Hand axe          |   117 |   124 |    29 ||   270
Invok: Berserk           |     1 |     4 |     1 ||     6
       Trog's Hand       |       |     1 |     2 ||     3
  Use: Potion            |       |       |     5 ||     5
 Stab: Sleeping          |     1 |       |       ||     1
  Eat: Chunk             |     2 |     8 |     3 ||    13
Armor: Animal skin       |    26 |    21 |     1 ||    48
Dodge: Dodged            |    87 |    59 |    12 ||   158

Table legend:
 A = Spawn XP
 B = Non-spawn XP
 C = Spawn XP percentage of total XP
 D = Spawn monster count
 E = Non-spawn monster count
 F = Spawn count percentage of total count
 G = Total turns spent on level
                    A         B        C        D         E        F      G
               +---------+---------+-------+---------+---------+-------+---------
         Total |       0 |     785 |   0.0 |       0 |      74 |   0.0 |  2888
               +---------+---------+-------+---------+---------+-------+---------
           D:1 |       0 |      24 |   0.0 |       0 |      16 |   0.0 |   892
           D:2 |       0 |      65 |   0.0 |       0 |      25 |   0.0 |   676
           D:3 |       0 |     435 |   0.0 |       0 |      29 |   0.0 |  1188
           D:4 |       0 |     261 |   0.0 |       0 |       4 |   0.0 |   132
               +---------+---------+-------+---------+---------+-------+---------

Vault maps used:
D:1:      minmay_arrival_glassed_features
D:2:      overflow_temple_1_default
D:3:      first_ration, glass_columns_a, uniq_natasha
D:4:      serial_shops, shop, hangedman_decor_peaks_small, uniq_grinder,
          uniq_blork_the_orc, uniq_robin

Table legend:
 A = Turns spent in this place as a percentage of turns spent in the entire game.
 B = Non-inter-level travel turns spent in this place as a percentage of non-inter-level travel turns spent in the entire game.
 C = Inter-level travel turns spent in this place as a percentage of turns spent in this place.
 D = Turns resting spent in this place as a percentage of non-inter-level travel turns spent in this place.
 E = Turns spent auto-exploring this place as a percentage of non-inter-level travel turns spent in this place.
 F = Non-inter-level travel turns spent in this place divided by the number of levels of this place that you've seen.
                   A       B       C       D       E      F
               +-------+-------+-------+-------+-------+----------------------
         Total | 100.0 | 100.0 |   3.5 |   9.1 |  70.0 | 697.0
       Dungeon | 100.0 | 100.0 |   3.5 |   9.1 |  70.0 | 697.0
               +-------+-------+-------+-------+-------+----------------------

Table legend:
 A = Kills in this place as a percentage of kills in entire the game.
 B = Kills by you in this place as a percentage of kills by you in the entire game.
 C = Kills by friends in this place as a percentage of kills by friends in the entire game.
 D = Other kills in this place as a percentage of other kills in the entire game.
 E = Experience gained in this place as a percentage of experience gained in the entire game.
 F = Experience gained in this place divided by the number of levels of this place that you have seen.
                   A       B       C       D       E      F
               +-------+-------+-------+-------+-------+----------------------
         Total | 100.0 | 100.0 |   N/A |   N/A | 100.0 | 196.2
       Dungeon | 100.0 | 100.0 |   N/A |   N/A | 100.0 | 196.2
               +-------+-------+-------+-------+-------+----------------------
